 Dungeon Crawl Stone Soup version 0.18.1-50-g88ac8fd (webtiles) character file.

7478 Kirk the Geomancer (level 11, -11/69 HPs)
             Began as an Octopode Earth Elementalist on Oct 3, 2016.
             Was a Priest of Vehumet.
             Killed from afar by Drunkenshrew's ghost (27 damage)
             ... with a bolt of negative energy
             ... on level 10 of the Dungeon.
             The game lasted 00:41:27 (9636 turns).

Kirk the Geomancer (Octopode Earth Elementalist)    Turns: 9636, Time: 00:41:27

Health: -11/69     AC:  1    Str: 17    XL:     11   Next: 15%
Magic:  1/24       EV: 12    Int: 20    God:    Vehumet [***...]
Gold:   208        SH:  4    Dex: 14    Spells: 6 memorised, 11 levels left

rFire  . . .     SeeInvis .     B - +1 dagger (elec)
rCold  . . .     Gourm    .     (no shield)
rNeg   . . .     Faith    .     (helmet restricted)
rPois  .         Spirit   .     h - +4 amulet of reflection
rElec  +         Dismiss  .     e - +6 ring of strength
rCorr  .         Reflect  +     g - ring of wizardry
SustAt .         Harm     .     w - +4 ring of strength
MR     +....                    G - ring of protection from magic (curse)
Stlth  +++.......               J - ring of wizardry
                                (no ring)
                                (no ring)
                                (no ring)

@: very slightly contaminated, hasted, heavily drained, very quick, somewhat
resistant to hostile enchantments, fairly stealthy
A: almost no armour, amphibious, 8 rings, constrict 8, camouflage 1, robust 1,
electricity resistance, gelatinous body 1
a: Renounce Religion


You were on level 10 of the Dungeon.
You worshipped Vehumet.
Vehumet was most pleased with you.
You were not hungry.

You visited 2 branches of the dungeon, and saw 11 of its levels.
You also visited: Sewer.

You collected 558 gold pieces.
You spent 350 gold pieces at shops.

Inventory:

Hand Weapons
 l - a +0 spear of venom
 n - a +0 blowgun
 B - a +1 dagger of electrocution (weapon)
 C - a +0 dagger of distortion
 M - a +1 dagger of protection
 O - a +0 battleaxe of freezing
 R - the +3 quarterstaff of Dishonesty {freeze, *Corrode Int+5 Dex+4}
   (You found it on level 10 of the Dungeon)

   It has been specially enchanted to freeze those struck by it, causing extra
   injury to most foes and up to half again as much damage against particularly
   susceptible opponents.
   It can also slow down cold-blooded creatures.
   It affects your intelligence (+5).
   It affects your dexterity (+4).
   It may corrode you when you take damage.
Missiles
 a - 241 stones (quivered)
 d - 5 curare-tipped needles
 p - 107 poisoned needles
Armour
 y - a +2 shield
Magical Staves
 D - an uncursed staff of earth
 L - an uncursed staff of power
Jewellery
 e - a +6 ring of strength (left tentacle)
 g - a ring of wizardry (right tentacle)
 h - a +4 amulet of reflection (around mantle)
 w - a +4 ring of strength (on tentacle)
 G - a cursed ring of protection from magic (on tentacle)
 J - a ring of wizardry (on tentacle)
 P - an uncursed ring of ice
 Q - a cursed -3 ring of intelligence {unknown}
Wands
 x - a wand of random effects (35/48)
Scrolls
 f - 5 scrolls of teleportation
 j - 8 scrolls of remove curse
 v - a scroll of magic mapping
 z - 2 scrolls of enchant armour
 H - a scroll of fog
 K - a scroll of amnesia
Potions
 i - 3 potions of lignification
 k - a potion of agility
 m - 7 potions of curing
 q - a potion of might
 r - 8 potions of flight
 I - a potion of brilliance
Books
 b - a book of Geomancy

   Spells                             Type                      Level
   a - Sandblast                      Earth                        1
   b - Passwall                       Transmutation/Earth          2
   c - Stone Arrow                    Conjuration/Earth            3
   d - Petrify                        Transmutation/Earth          4
   e - Lee's Rapid Deconstruction     Earth                        5
 A - a book of Party Tricks

   Spells                             Type                      Level
   a - Summon Butterflies             Summoning                    1
   b - Apportation                    Translocation                1
   c - Tukima's Dance                 Hexes                        3
   d - Alistair's Intoxication        Transmutation/Poison         5
   e - Invisibility                   Hexes                        6
Comestibles
 c - 7 bread rations
 s - a royal jelly
 t - 2 fruits
 F - 2 meat rations
 N - 7 beef jerkies
 S - a slice of pizza


   Skills:
 * Level 1.4(0.2) Fighting
 - Level 6.0(4.7) Short Blades
 * Level 2.7(1.5) Dodging
 - Level 2.6(1.5) Stealth
 * Level 1.3(0.1) Shields
 + Level 9.7(8.3) Spellcasting
 + Level 6.0(4.7) Conjurations
 + Level 1.0(0.0) Transmutations
 - Level 10.2(8.7) Earth Magic


You had 11 spell levels left.
You knew the following spells:

 Your Spells              Type           Power        Failure   Level  Hunger
a - Sandblast             Erth           #####.       1%          1    None
b - Stone Arrow           Conj/Erth      #####.       1%          3    None
c - Passwall              Trmt/Erth      ####......   1%          2    None
d - Lee's Rapid Deconstr  Erth           #####.....   1%          5    #####..
e - Petrify               Trmt/Erth      ####....     4%          4    ###....
f - Mephitic Cloud        Conj/Pois/Air  ##......     1%          3    None


Dungeon Overview and Level Annotations

Branches:
Dungeon (10/15)            Temple (1/1) D:4            Lair (0/8) D:9
    Orc (0/2) D:9

Altars:
Ashenzari
Cheibriados
Dithmenos
Elyvilon
Fedhas
Gozag
Kikubaaqudgha
Makhleb
Nemelex Xobeh
Okawaru
Pakellas
Qazlal
Ru
Sif Muna
Trog
Vehumet
Xom
Yredelemnul
The Shining One
Beogh

Shops:
D:4 (   D:9 *

Annotations:
D:8 Erolcha
D:10 Drunkenshrew's ghost, journeyman DrAs


Innate Abilities, Weirdness & Mutations

You cannot wear most types of armour.
You are amphibious.
You can wear up to eight rings at the same time.
You can use your tentacles to constrict eight enemies at once.
Your skin changes colour to match your surroundings (Stealth).
Your rubbery body absorbs attacks (AC +1).
You are robust (+10% HP).
You are resistant to electric shocks.


Message History

Drunkenshrew's ghost hits you!
* * * LOW HITPOINT WARNING * * *
Drink which item? (? for menu, Esc to quit)
You feel better.
Drunkenshrew's ghost casts a spell at you.
The magic dart hits you!
* * * LOW HITPOINT WARNING * * *
Drink which item? (? for menu, Esc to quit)
You feel better.
You are too injured to fight recklessly!
You miss Drunkenshrew's ghost.
Drunkenshrew's ghost is severely damaged.
Drunkenshrew's ghost casts a spell at you.
The magic dart hits you!
* * * LOW HITPOINT WARNING * * *
Drink which item? (? for menu, Esc to quit)
You feel better.
Drunkenshrew's ghost breathes negative energy at you.
The bolt of negative energy hits you!
You feel drained.
You die...

#≈≈≈≈≈≈≈≈≈≈≈≈≈#...# #
#.........##.#...#
#.........##.#....
#.........##.##..##
#.....(...##.#...#
#.........##.#...#
#.........##.#...#
#...W.....##.#...#
#.?@....#.##.#...#
#.......#.##.#...#
#.......#..#.#...##
#.......#..#.#..<.# #########
##.###'##..#.##.#.# #.......# #.#
#.##..#....#.#
###.......#####.###.##..###..#.#
..'.......'.....#...##...##..#.#
###.......#######.####...##..#.##


You could see Drunkenshrew's ghost.

Vanquished Creatures
  Pikel (D:7)
  A centaur skeleton (D:10)
  A kobold demonologist (Sewer)
  Prince Ribbit (D:6)
  A troll (D:9)
  Grinder (Sewer)
  3 yaks
  Eustachio (D:6)
  Menkaure (D:6)
  3 ice beasts
  2 phantoms
  8 orc warriors
  A slave (D:7)
  A black bear (D:8)
  2 wasps
  A necrophage (D:8)
  6 ogres
  6 centaurs
  A big kobold (Sewer)
  2 giant frogs
  4 scorpions
  3 electric eels (D:10)
  7 howler monkeys
  2 crimson imps
  A quasit (D:9)
  2 centaur zombies
  9 orc priests
  3 jellies
  5 orc wizards
  3 hounds
  2 giant frog skeletons (D:9)
  Ijyb (D:2)
  3 iguanas
  4 worker ants
  4 big kobold zombies (Sewer)
  A hound zombie (D:6)
  Robin (D:2)
  A worker ant zombie (D:9)
  16 adders
  5 shadow imps
  An ufetubus (Sewer)
  5 oozes
  An adder skeleton (D:4)
  A worm (D:2)
  5 dart slugs
  6 giant geckos
  56 orcs
  2 giant cockroaches (D:1)
  8 hobgoblins
  4 jackals (D:3)
  9 quokkas
  2 ball pythons
  4 bats
  4 giant newts
  23 goblins
  25 kobolds
  3 quokka skeletons
  3 rats
283 creatures vanquished.

Vanquished Creatures (others)
  A hydra (D:5)
  A kobold zombie (Sewer)
  5 toadstools (D:1)
7 creatures vanquished.

Grand Total: 290 creatures vanquished

Notes
Turn   | Place    | Note
--------------------------------------------------------------
     0 | D:1      | Kirk the Octopode Earth Elementalist began the quest for the Orb.
     0 | D:1      | Reached XP level 1. HP: 11/11 MP: 3/3
    76 | D:1      | Reached XP level 2. HP: 17/17 MP: 5/5
   605 | D:1      | Reached XP level 3. HP: 17/21 MP: 1/6
   758 | D:2      | Noticed Ijyb
   779 | D:2      | Killed Ijyb
   779 | D:2      | Reached skill level 4 in Earth Magic
   872 | D:2      | Reached XP level 4. HP: 5/27 MP: 4/8
  1315 | D:2      | Noticed Robin
  1368 | D:2      | Killed Robin
  1470 | D:2      | Found a blossoming altar of Fedhas.
  1475 | D:2      | Reached XP level 5. HP: 28/31 MP: 7/9
  1877 | D:3      | Found a glowing drain.
  1892 | Sewer    | Entered a sewer
  2159 | Sewer    | Reached skill level 5 in Earth Magic
  2249 | Sewer    | Reached XP level 6. HP: 33/36 MP: 1/12
  2405 | Sewer    | Found a burning altar of Makhleb.
  2528 | Sewer    | Noticed Grinder
  2535 | Sewer    | Noticed an apprentice kobold demonologist
  2792 | Sewer    | Killed Grinder
  2792 | Sewer    | Reached skill level 5 in Spellcasting
  2792 | Sewer    | Reached skill level 6 in Earth Magic
  2792 | Sewer    | Reached XP level 7. HP: 37/41 MP: 9/14
  2827 | Sewer    | Killed an apprentice kobold demonologist
  2831 | Sewer    | Reached XP level 8. HP: 30/46 MP: 4/16
  2924 | D:3      | Learned a level 3 spell: Stone Arrow
  2927 | D:3      | Learned a level 2 spell: Passwall
  3176 | D:3      | Found a shimmering altar of Xom.
  3381 | D:3      | Reached skill level 7 in Earth Magic
  3433 | D:3      | Found a snail-covered altar of Cheibriados.
  3438 | D:3      | Found an iron altar of Okawaru.
  3438 | D:3      | Found a burning altar of Makhleb.
  3438 | D:3      | Found a sacrificial altar of Ru.
  3439 | D:3      | Found an ancient bone altar of Kikubaaqudgha.
  3440 | D:3      | Found a sparkling altar of Nemelex Xobeh.
  3556 | D:4      | Reached skill level 1 in Short Blades
  3559 | D:4      | Found a shattered altar of Ashenzari.
  3572 | D:4      | Found Qife Zea's Weapon Emporium.
  3662 | D:4      | Found a staircase to the Ecumenical Temple.
  3676 | Temple   | Entered the Ecumenical Temple
  3713 | Temple   | Became a worshipper of Vehumet
  4061 | D:4      | Found an opulent altar of Gozag.
  4207 | D:5      | Entered Level 5 of the Dungeon
  4635 | D:5      | Found a basalt altar of Yredelemnul.
  4760 | D:5      | Found a white marble altar of Elyvilon.
  4791 | D:5      | Found an oddly glowing altar of Pakellas.
  4791 | D:5      | Noticed a six-headed hydra
  4801 | D:5      | Killed a six-headed hydra
  4943 | D:6      | Found a bloodstained altar of Trog.
  4965 | D:6      | Noticed Menkaure
  4975 | D:6      | Killed Menkaure
  5007 | D:6      | Reached * piety under Vehumet
  5007 | D:6      | Offered knowledge of Sting by Vehumet.
  5034 | D:6      | Noticed Eustachio
  5035 | D:6      | Found an opulent altar of Gozag.
  5041 | D:6      | Killed Eustachio
  5041 | D:6      | Reached skill level 1 in Conjurations
  5071 | D:6      | Reached skill level 8 in Earth Magic
  5090 | D:6      | You fall through a shaft!
  5090 | D:7      | Noticed Pikel
  5189 | D:6      | Gained mutation: You are resistant to electric shocks. [mutagenic glow]
  5202 | D:6      | Noticed Prince Ribbit
  5230 | D:6      | Gained mutation: You are robust (+10% HP). [mutagenic glow]
  5243 | D:6      | Killed Prince Ribbit
  5243 | D:6      | Reached XP level 9. HP: 32/56 MP: 15/20
  5435 | D:6      | Found a shadowy altar of Dithmenos.
  5985 | D:7      | Found a glowing golden altar of the Shining One.
  6062 | D:7      | Killed Pikel
  6124 | D:7      | Reached skill level 9 in Earth Magic
  6385 | D:7      | Reached XP level 10. HP: 60/61 MP: 15/22
  6917 | D:8      | Found a burning altar of Makhleb.
  6917 | D:8      | Noticed a blizzard demon
  6927 | D:8      | Reached skill level 5 in Short Blades
  7065 | D:8      | Noticed Erolcha
  7229 | D:8      | Learned a level 5 spell: Lee's Rapid Deconstruction
  7234 | D:8      | Learned a level 4 spell: Petrify
  7348 | D:9      | Found an oddly glowing altar of Pakellas.
  7361 | D:9      | Found a deep blue altar of Sif Muna.
  7447 | D:9      | Found a staircase to the Lair.
  7470 | D:9      | Offered knowledge of Magic Dart by Vehumet.
  7614 | D:9      | Found Raxt's Retail Resort.
  7617 | D:9      | Reached ** piety under Vehumet
  7625 | D:9      | Bought a +4 amulet of reflection for 350 gold pieces
  7865 | D:9      | Reached skill level 5 in Conjurations
  8330 | D:9      | Reached skill level 10 in Earth Magic
  8393 | D:9      | Found a roughly hewn altar of Beogh.
  8393 | D:9      | Found a staircase to the Orcish Mines.
  8405 | D:9      | Offered knowledge of Mephitic Cloud by Vehumet.
  8592 | D:9      | Reached *** piety under Vehumet
  8826 | D:10     | Entered Level 10 of the Dungeon
  8964 | D:10     | Reached XP level 11. HP: 67/67 MP: 14/24
  8969 | D:10     | Learned a level 3 spell: Mephitic Cloud
  9050 | D:10     | Noticed Drunkenshrew's ghost (journeyman DrAs)
  9205 | D:10     | Reached skill level 1 in Fighting
  9205 | D:10     | Reached skill level 1 in Shields
  9220 | D:10     | Got a scorched quarterstaff
  9280 | D:10     | Identified the +3 quarterstaff of Dishonesty {freeze, *Corrode Int+5 Dex+4} (You found it on level 10 of the Dungeon)
  9427 | D:10     | Offered knowledge of Dazzling Spray by Vehumet.
  9636 | D:10     | Killed from afar by Drunkenshrew's ghost

Skill      XL: |  1  2  3  4  5  6  7  8  9 10 11 |
---------------+----------------------------------+-----
Earth Magic    | 4 5 6 8 9 10 | 10.2
Spellcasting   | 3 4 5 7 8 9 |  9.7
Short Blades   | 3 4 6 |  6.0
Conjurations   | 1 3 5 6 |  6.0
Fighting       | 1 |  1.4
Shields        | 1 |  1.3
Dodging        | |  2.7
Stealth        | |  2.6
Transmutations | |  1.0

Action                   |  1- 3 |  4- 6 |  7- 9 | 10-12 || total
-------------------------+-------+-------+-------+-------++-------
Melee: Unarmed           |    18 |       |       |       ||    18
       Constrict         |    13 |    31 |    24 |    19 ||    87
       Tentacles         |     7 |    31 |    18 |    17 ||    73
       Dagger            |    15 |     8 |   112 |    81 ||   216
       Spear             |       |   126 |       |       ||   126
 Fire: Blowgun           |       |       |     8 |    15 ||    23
Throw: Stone             |       |       |     8 |     2 ||    10
 Cast: Sandblast         |    26 |    52 |    16 |       ||    94
       Stone Arrow       |       |       |    60 |   123 ||   183
       Lee's Rapid Decon |       |       |       |     4 ||     4
  Use: Scroll            |       |     5 |    10 |     5 ||    20
       Potion            |       |       |     3 |     7 ||    10
 Stab: Sleeping          |     6 |     7 |    16 |     2 ||    31
  Eat: Chunk             |       |     2 |    12 |    10 ||    24
       Bread ration      |       |     1 |       |       ||     1
Armor: Skin              |       |     8 |     4 |     5 ||    17
Dodge: Dodged            |    22 |    67 |    49 |    51 ||   189
Block: Other             |       |       |       |     9 ||     9
